 Dungeon Crawl Stone Soup version 0.29.0-5-ge4962eb29e (webtiles) character file.

Game seed: 9525233864637563445

11 sentinel the Digger (level 2, -2/30 HPs)
             Began as a Meteoran Earth Elementalist on Aug 28, 2022.
             Succumbed to an adder's poison
             ... on level 2 of the Dungeon.
             The game lasted 00:00:47 (159 turns).

sentinel the Digger (Meteoran Earth Elementalist)    Turns: 159, Time: 00:00:48

Health: -2/30      AC: 21    Str:  9    XL:     2   Next: 52%
Magic:  3/6        EV: -1    Int: 16    God:
Gold:   0          SH:  0    Dex: 14    Spells: 3/6 levels left

rFire   . . .      SeeInvis .   (no weapon)
rCold   + . .      Faith    .   (no shield)
rNeg    . . .      Spirit   .   (body armour currently unavailable)
rPois   +          Reflect  .   (helmet currently unavailable)
rElec   .          Harm     .   (cloak currently unavailable)
rCorr   .          Rampage  .   (gloves currently unavailable)
Will    .....      NoTele   +   (boots currently unavailable)
Stlth   +.........              (no amulet)
HPRegen 0.10/turn               c - ring of protection from cold
MPRegen 0.10/turn               (no ring)

@: lethally poisoned (-2 -> -15), tree-form, glowing, constricted
A: stationary, stasis, torment immunity, boosted hp, sense surroundings 1,
otherworldly, glowing, explore regen
a: no special abilities


You were on level 2 of the Dungeon.
You were a tree.
You visited 1 branch of the dungeon, and saw 2 of its levels.

Inventory:

Armour
 a - a +0 robe (melded)
Jewellery
 c - a ring of protection from cold (left branch)
Scrolls
 d - a scroll of poison {unknown}
 e - a scroll of identify {unknown}
 h - a scroll of teleportation {unknown}
 i - a scroll of vulnerability {unknown}
Potions
 b - a potion of magic


   Skills:
 - Level 2.4 Dodging
 - Level 1.4 Stealth
 - Level 2.6 Spellcasting
 - Level 1.2 Transmutations
 + Level 4.4 Earth Magic


You had 3 spell levels left.
You knew the following spells:

 Your Spells              Type           Power      Damage    Failure   Level
a - Sandblast             Erth           32%        2d9       3%          1
c - Passwall              Tmut/Erth      9%         N/A       9%          2

Your spell library contained the following spells:

 Spells                   Type           Power      Damage    Failure   Level
 Stone Arrow              Conj/Erth      18%        3d8       24%         3
 Petrify                  Tmut/Erth      11%        N/A       52%         4


Dungeon Overview and Level Annotations

Branches:
Dungeon (2/15) Zot: 1034

Altars:


Innate Abilities, Weirdness & Mutations

You are a tree.
Your roots penetrate the ground, keeping you stationary.
You cannot be teleported.
You are immune to unholy pain and torment.
Your maximum health is greatly increased.
Your equipment is partially melded.
You passively map a small area around you.
You are easily found by Zot.
You glow in the dark.
You regain HP and MP as you explore.


Message History

A smirking vizier told you that the Orb of Zot is just within this dungeon.
Press ? for a list of commands and other information.
Found a staircase leading out of the dungeon.
You enter the shallow water.
Moving in this stuff is going to be slow.
Found a whip.
Found a scroll labelled CIMARU KUEKU.
c - a scroll labelled IGAXYROLLIX
d - a scroll labelled CIMARU KUEKU A frilled lizard comes into view.
Found a falchion.
A frilled lizard is nearby!
The blast of sand hits the frilled lizard!
You kill the frilled lizard!
You can't see any susceptible monsters within range! (Use Z to cast anyway.)
Found a knobbly agate ring.
You see here a frilled lizard corpse.
Found a robe.
A hobgoblin and a dart slug come into view.
The hobgoblin shouts!
A rat comes into view.
You see here a ring of protection from cold.
The blast of sand misses the hobgoblin.
The blast of sand hits the hobgoblin.
You kill the hobgoblin!
The dart slug barely misses you. The rat completely misses you.
The blast of sand hits the dart slug!
The dart slug is almost dead.
The rat barely misses you. The dart slug bites you.
The blast of sand hits the dart slug.
You kill the dart slug!
The rat bites you. The rat bites you but does no damage.
Your Earth Magic skill increases to level 4!
You have reached level 2!
The blast of sand hits the rat.
You kill the rat!
You are out of magic!
You are out of magic!
You are out of magic!
Memorise Passwall, consuming 2 spell levels and leaving 3?
You start memorising the spell.
You continue memorising. x2
You finish memorising.
Spell assigned to 'c'.
c - a ring of protection from cold;
e - a scroll labelled IGAXYROLLIX
c - a ring of protection from cold (left hand)
Found a black potion.
f - a black potion
Found a robe.
You see here a +0 robe.
A ball python comes into view.
The ball python hisses angrily.
The blast of sand hits the ball python!
You kill the ball python!
You can't see any susceptible monsters within range! (Use Z to cast anyway.)
Found a bubbling amethyst potion.
Found a dagger.
Found a stone staircase leading down.
A rat comes into view.
Found 7 stones.
Found a ring mail.
The blast of sand hits the rat!
You kill the rat!
You can't see any susceptible monsters within range! (Use Z to cast anyway.)
You can't see any susceptible monsters within range! (Use Z to cast anyway.)
Found 8 gold pieces.
g - a bubbling amethyst potion
Found a scroll labelled WOGROLL SUATO.
h - a scroll labelled WOGROLL SUATO
There is a stone staircase leading down here.
You climb downwards.
The frilled lizard hisses angrily.
Found 4 stones and a scroll labelled SEKAXAUFFI.
There is a stone staircase leading up here.
You can't see any susceptible monsters within range! (Use Z to cast anyway.)
You can't see any susceptible monsters within range! (Use Z to cast anyway.)
A quokka comes into view.
The ball python hisses angrily.
The blast of sand hits the ball python!
You kill the ball python!
The blast of sand hits the frilled lizard!
You kill the frilled lizard!
You can't see any susceptible monsters within range! (Use Z to cast anyway.)
You can't see any susceptible monsters within range! (Use Z to cast anyway.)
You can't see any susceptible monsters within range! (Use Z to cast anyway.)
i - a scroll labelled SEKAXAUFFI A ball python comes into view.
The ball python hisses angrily.
The ball python bites you. The ball python closely misses you.
The ball python bites you but does no damage.
The ball python grabs you. The ball python constricts you.
You closely miss the ball python. The ball python bites you.
The ball python constricts you.
The blast of sand hits the ball python!
You kill the ball python!
You can't see any susceptible monsters within range! (Use Z to cast anyway.)
You can't see any susceptible monsters within range! (Use Z to cast anyway.)
You see here a ball python corpse.
A ball python and an adder come into view.
The ball python hisses angrily.
The adder hisses angrily.
Found a stone staircase leading up.
You barely miss the adder.
The blast of sand misses the adder.
The adder bites you.
You are poisoned.
The adder poisons you! The adder bites you.
You are lethally poisoned!
The adder poisons you!
The ball python bites you but does no damage.
The ball python misses you.
The blast of sand misses the adder.
You feel very sick. The adder bites you.
The ball python bites you but does no damage.
The ball python grabs you. The ball python constricts you. The adder bites you.
* * * LOW HITPOINT WARNING * * *
The ball python closely misses you. The ball python constricts you.
* * * LOW HITPOINT WARNING * * *
You are too injured to fight recklessly!
It was a potion of lignification.
You turn into a tree.
Your +0 robe melds into your body.
Your roots penetrate the ground.
* * * LOW HITPOINT WARNING * * *
You feel sick. The adder completely misses you.
The ball python bites you but does no damage.
The ball python constricts you.
You are too injured to fight recklessly!
You are too injured to fight recklessly!
Casting: Sandblast (safe; 3% risk of failure)
Confirm with . or Enter, or press ? or * to list all spells.
Aiming: Sandblast (safe; 3% risk of failure)
Press: ? - help, Shift-Dir - straight line, f/p - adder
Aim: an adder (70% to hit)
The blast of sand hits the adder!
The adder is almost dead.
* * * LOW HITPOINT WARNING * * *
You feel very sick. The adder bites you but does no damage.
The ball python bites you but does no damage.
The ball python constricts you. The adder bites you.
* * * LOW HITPOINT WARNING * * *
You are more poisoned.
The adder poisons you!
The ball python bites you but does no damage.
The ball python constricts you.
HP warning!
Casting: Sandblast (safe; 3% risk of failure)
Confirm with . or Enter, or press ? or * to list all spells.
Aiming: Sandblast (safe; 3% risk of failure)
Press: ? - help, Shift-Dir - straight line, f/p - adder
Aim: an adder (almost dead, 70% to hit)
Okay, then.
It was a potion of flight.
Your roots keep you in place.
You die...

#.##.....# #.##
* #.######## #.#
* * ###.# , *
#...# * #.### ,
########†#
.........######
* ,
######S........,
, ,,
*#..S♣########
,..<..#### ...#*
.. * * * , , , ,
, , , * * * * ,
* ,


You could see an adder and a ball python.

Vanquished Creatures
  A dart slug (D:1)
  3 ball pythons
  A hobgoblin (D:1)
  2 frilled lizards
  2 rats (D:1)
9 creatures vanquished.

Notes
Turn   | Place    | Note
-------+----------+-------------------------------------------
     0 | D:1      | sentinel the Meteoran Earth Elementalist began the quest
                  | for the Orb.
     0 | D:1      | Reached XP level 1. HP: 14/14 MP: 5/5
    56 | D:1      | Reached skill level 4 in Earth Magic
    56 | D:1      | Reached XP level 2. HP: 13/20 MP: 1/6
    60 | D:1      | Learned a level 2 spell: Passwall
   158 | D:2      | HP: 1/30 [adder (1)]
   159 | D:2      | Succumbed to an adder's poison

Illustrated notes

Levels and vault maps discovered:
D:1:      lemuel_arrival_muddy, layout_loops_cross,
          shapermc_ecumenical_altar_acropolis, dk_noncrumbling_3,
          minmay_pentomino_z4
D:2:      layout_rooms, uniq_crazy_yiuf_cottage

Skill      XL: |  1 |
---------------+----+-----
Earth Magic    | 4 |  4.4
Dodging        | |  2.4
Stealth        | |  1.4
Spellcasting   | |  2.6
Transmutations | |  1.2

Action                   || total
-------------------------++-------
Melee: Unarmed           ||     2
 Cast: Sandblast         ||    14
  Use: Potion            ||     2
Armor: Robe              ||     4
       Skin              ||     4
Dodge: Dodged            ||     7
